 Dungeon Crawl Stone Soup version 0.24.1-8-ga250c9d538 (webtiles) character file.

Game seed: 524394155247080325, levelgen mode: deterministic

4708 Peloso the Carver (level 10, -2/76 HPs)
             Began as a Demonspawn Fighter on May 8, 2020.
             Was a High Priest of Okawaru.
             Killed from afar by a molten gargoyle (16 damage)
             ... with a bolt of magma
             ... on level 9 of the Dungeon.
             The game lasted 00:24:13 (9807 turns).

Peloso the Carver (Demonspawn Fighter)              Turns: 9807, Time: 00:24:14

Health: -2/76      AC: 21    Str: 19    XL:     10   Next: 22%
Magic:  10/11      EV:  9    Int: 11    God:    Okawaru [*****.]
Gold:   387        SH: 12    Dex: 12    Spells: 9/9 levels left

rFire    . . .     SeeInvis .   a - +0 long sword
rCold    . . .     Gourm    .   c - +0 shield
rNeg     . . .     Faith    .   F - +0 plate armour
rPois    +         Spirit   .   (no helmet)
rElec    .         Reflect  .   u - +1 cloak {MR+}
rCorr    .         Harm     .   p - +0 pair of gloves
MR       +....                  (no boots)
Stlth    +.........             (no amulet)
HPRegen  0.22/turn              g - ring of poison resistance
MPRegen  0.12/turn              B - ring of wizardry

@: heroism
A: icy blue scales 1, demonic guardian 2, nightstalker 2
a: Heroism, Finesse, Renounce Religion


You were on level 9 of the Dungeon.
You worshipped Okawaru.
Okawaru was extremely pleased with you.
You were very hungry.

You visited 2 branches of the dungeon, and saw 10 of its levels.

You collected 387 gold pieces.

Inventory:

Hand Weapons
 a - a +0 long sword (weapon)
 b - a +4 short sword
Armour
 c - a +0 shield (worn)
 p - a +0 pair of gloves (worn)
 t - a +0 scale mail
 u - a +1 cloak of magic resistance (worn)
 y - a +0 chain mail
 F - a +0 plate armour (worn)
Jewellery
 g - a ring of poison resistance (left hand)
 h - an uncursed ring of ice
 k - a +6 ring of intelligence
 l - an uncursed ring of resist corrosion
 r - an uncursed ring of flight
 B - a ring of wizardry (right hand)
Wands
 v - a wand of acid (6)
 C - a wand of random effects (13)
Scrolls
 j - a scroll of amnesia
 m - 6 scrolls of remove curse
 n - 2 scrolls of identify
 o - 3 scrolls of enchant armour
 q - 2 scrolls of immolation {unknown}
 D - a scroll of acquirement {unknown}
 G - a scroll of enchant weapon {unknown}
 H - a scroll of blinking {unknown}
Potions
 d - 2 potions of might
 e - 8 potions of curing
 i - 2 potions of brilliance
 s - 2 potions of magic
 w - a potion of berserk rage
 x - 2 potions of flight {unknown}
 z - a potion of ambrosia
 A - 2 potions of mutation
 E - 3 potions of degeneration {unknown}
 I - a potion of heal wounds {unknown}
Comestibles
 f - 11 rations


   Skills:
 + Level 6.1(11.1) Fighting
 + Level 8.5(13.5) Long Blades
 + Level 6.6(11.6) Armour
 + Level 2.9(7.9) Dodging
 + Level 2.4(7.4) Stealth
 + Level 7.1(12.1) Shields
 + Level 1.6 Invocations


You had 9 spell levels left.
You didn't know any spells.
Your spell library was empty.

Dungeon Overview and Level Annotations

Branches:
Dungeon (9/15)             Temple (1/1) D:5
   Lair: D:8-11         Orc: D:9-12

Altars:
Ashenzari
Cheibriados
Dithmenos
Elyvilon
Fedhas
Gozag
Hepliaklqana
Kikubaaqudgha
Makhleb
Nemelex Xobeh
Okawaru
Qazlal
Ru
Sif Muna
Trog
Uskayaw
Vehumet
Wu Jian
Xom
Yredelemnul
Zin
The Shining One

Shops:
D:6 %   D:9 [

Annotations:
D:4 1 runed translucent door, Lidrolic's ghost, novice HuFi
D:5 1 runed translucent door, Teivard's ghost, amateur HuWz
D:8 2 runed translucent doors


Innate Abilities, Weirdness & Mutations

You are partially covered in icy blue scales. (AC +2)
A demonic guardian rushes to your aid.
You are significantly more attuned to the shadows.


Message History

Unknown command.
You hit the molten gargoyle.
The molten gargoyle is heavily damaged.
The molten gargoyle blasts magma at you!
The bolt of magma hits you!
* * * LOW HITPOINT WARNING * * *
A molten gargoyle comes into view. It is wielding a +0 flail.
You closely miss the molten gargoyle.
The molten gargoyle is heavily damaged.
The molten gargoyle blasts magma at you!
The bolt of magma hits you!
* * * LOW HITPOINT WARNING * * *
You slash the molten gargoyle!
The molten gargoyle is heavily damaged.
The molten gargoyle barely misses you.
Unknown command.
You feel better.
The molten gargoyle blasts magma at you!
The bolt of magma hits you!
You die...

##.#####.#.####.#
#..# #.#
...........# #.#
#..# #.#
.#.......### #.#
#..# #.#
.#######.# #.#
#(§# ..
.........#
#.#####.§#
.#########
#.#........ .#
#####.#.###......
.# .....4).#
#..#### .#
#####)@#.#.#.# .#
. #9#.#.# .# .#
#..#.... .##.#
#%#..≈≈§ ...#
#..#§≈9≈ .##.#
#.# §§≈8 .###.#..
... §≈ ...##..#
#.# §..##..# #.#


You could see 2 molten gargoyles and a friendly orange demon.

Vanquished Creatures
  A molten gargoyle (D:9)
  A hippogriff (D:8)
  2 yaks (D:5)
  A hungry ghost (D:8)
  An orc warrior (D:8)
  A hornet zombie (D:9)
  A sky beast (D:8)
  A necrophage (D:9)
  A phantom (D:8)
  A centaur (D:6)
  An ogre (D:5)
  A crocodile (D:9)
  A big kobold (D:8)
  3 bullfrogs
  A scorpion (D:5)
  A water moccasin zombie (D:9)
  A water moccasin skeleton (D:4)
  3 wights (D:8)
  A howler monkey (D:7)
  2 crimson imps
  5 bullfrog zombies
  5 hounds
  3 jellies (D:8)
  An orc priest (D:8)
  2 orc wizards (D:8)
  An iguana (D:4)
  8 worker ants
  A hound skeleton (D:4)
  A worker ant zombie (D:9)
  3 howler monkey zombies
  4 gnolls
  6 adders
  2 shadow imps
  8 oozes
  An adder skeleton (D:5)
  2 adder zombies
  3 worms
  2 dart slugs
  3 leopard geckos
  21 orcs
  4 giant cockroaches
  11 goblins
  7 hobgoblins
  16 jackals
  4 quokkas
  7 bats
  3 frilled lizards
  14 kobolds
  A quokka zombie (D:5)
  4 rats
179 creatures vanquished.

Vanquished Creatures (collateral kills)
  Harold (D:9)
  A two-headed ogre (D:8)
  A molten gargoyle (D:9)
  Menkaure (D:6)
  A hungry ghost (D:5)
  A black bear (D:5)
  2 ogres
  A sky beast (D:7)
  2 centaurs
  3 bullfrogs
  2 hounds
  A jelly (D:7)
  Crazy Yiuf (D:4)
  Ijyb (D:5)
  3 gnolls (D:7)
  An adder (D:4)
  3 orcs (D:8)
  5 goblins (D:5)
  2 jackals (D:7)
  A leopard gecko skeleton (D:5)
34 creatures vanquished.

Vanquished Creatures (others)
  A hobgoblin (D:2)
  2 jackals (D:2)
3 creatures vanquished.

Grand Total: 216 creatures vanquished

Notes
Turn   | Place    | Note
-------+----------+-------------------------------------------
     0 | D:1      | Peloso the Demonspawn Fighter began the quest for the Orb.
     0 | D:1      | Reached XP level 1. HP: 18/18 MP: 1/1
   130 | D:1      | Gained mutation: You are slightly more attuned to the
                  | shadows. [demonic ancestry]
   130 | D:1      | Reached XP level 2. HP: 17/24 MP: 2/2
   272 | D:1      | Reached skill level 2 in Long Blades
   406 | D:1      | Reached XP level 3. HP: 27/29 MP: 3/3
   436 | D:1      | Found a glowing golden altar of the Shining One.
  1004 | D:2      | Gained mutation: You are significantly more attuned to the
                  | shadows. [demonic ancestry]
  1004 | D:2      | Reached XP level 4. HP: 25/35 MP: 4/4
  2321 | D:3      | Reached skill level 3 in Long Blades
  2329 | D:3      | Gained mutation: A weak demonic guardian rushes to your
                  | aid. [demonic ancestry]
  2329 | D:3      | Reached XP level 5. HP: 36/41 MP: 5/5
  2539 | D:4      | Reached skill level 1 in Stealth
  2549 | D:4      | Found a shattered altar of Ashenzari.
  2688 | D:4      | Found a runed translucent door.
  2688 | D:4      | Noticed Lidrolic's ghost (novice HuFi)
  2762 | D:4      | Found a blossoming altar of Fedhas.
  2854 | D:4      | Reached XP level 6. HP: 47/48 MP: 6/6
  3358 | D:4      | Found a runed translucent door.
  3360 | D:4      | Noticed Crazy Yiuf
  3361 | D:4      | Found the +7 sceptre of Torment {pain, torment}
  3369 | D:4      | Paralysed by Crazy Yiuf for 3 turns
  3374 | D:4      | Killed Crazy Yiuf
  3374 | D:4      | Reached skill level 1 in Dodging
  3770 | D:5      | Entered Level 5 of the Dungeon
  3801 | D:5      | Found a staircase to the Ecumenical Temple.
  3844 | Temple   | Entered the Ecumenical Temple
  3978 | Temple   | Became a worshipper of Warmaster Okawaru
  4100 | D:5      | Found a runed translucent door.
  4100 | D:5      | Noticed Teivard's ghost (amateur HuWz)
  4157 | D:5      | Noticed a hungry ghost
  4176 | D:5      | Killed a hungry ghost
  4369 | D:5      | Reached skill level 4 in Long Blades
  4382 | D:5      | Found an ancient bone altar of Kikubaaqudgha.
  4409 | D:5      | Reached XP level 7. HP: 54/54 MP: 7/7
  4524 | D:5      | Reached * piety under Okawaru
  4541 | D:5      | Noticed Ijyb
  4548 | D:5      | Paralysed by Ijyb for 6 turns
  4559 | D:5      | Killed Ijyb
  4822 | D:6      | Noticed a yak
  4826 | D:6      | Noticed a yak
  4827 | D:6      | Noticed a yak
  5219 | D:5      | Killed a yak
  5396 | D:5      | Killed a yak
  5396 | D:5      | Reached skill level 5 in Long Blades
  5732 | D:5      | Gained mutation: A demonic guardian rushes to your aid.
                  | [demonic ancestry]
  5732 | D:5      | Reached XP level 8. HP: 51/61 MP: 5/8
  5789 | D:6      | Noticed Menkaure
  5790 | D:6      | Killed Menkaure
  5828 | D:6      | Found a hide-covered altar of Uskayaw.
  5966 | D:6      | Reached skill level 5 in Shields
  6032 | D:6      | Reached ** piety under Okawaru
  6076 | D:6      | Reached skill level 5 in Armour
  6211 | D:6      | Found Qaw Gyi's Food Shop.
  6439 | D:7      | Reached skill level 1 in Invocations
  6556 | D:7      | Found a shimmering altar of Xom.
  6626 | D:7      | Reached skill level 6 in Long Blades
  6947 | D:8      | Found a shimmering altar of Xom.
  7039 | D:8      | Found a runed translucent door.
  7105 | D:8      | Gained mutation: You are partially covered in icy blue
                  | scales. (AC +2) [demonic ancestry]
  7105 | D:8      | Reached XP level 9. HP: 50/67 MP: 10/10
  7248 | D:8      | Reached *** piety under Okawaru
  7646 | D:8      | Reached skill level 5 in Fighting
  7817 | D:8      | Noticed a two-headed ogre
  7823 | D:8      | Killed a two-headed ogre
  7823 | D:8      | Reached **** piety under Okawaru
  7865 | D:8      | Reached skill level 7 in Long Blades
  7911 | D:8      | Found a runed translucent door.
  8982 | D:9      | Noticed Harold
  8984 | D:9      | Noticed a molten gargoyle
  9349 | D:9      | Killed a molten gargoyle
  9349 | D:9      | Reached skill level 8 in Long Blades
  9349 | D:9      | Reached XP level 10. HP: 49/76 MP: 8/11
  9357 | D:9      | Killed Harold
  9357 | D:9      | Reached ***** piety under Okawaru
  9569 | D:9      | Found a bloodstained altar of Trog.
  9617 | D:9      | Found an ancient bone altar of Kikubaaqudgha.
  9617 | D:9      | Found a shadowy altar of Dithmenos.
  9660 | D:9      | Found Ybiemyud's Armour Emporium.
  9783 | D:9      | Noticed a molten gargoyle
  9791 | D:9      | Noticed a molten gargoyle
  9795 | D:9      | Killed a molten gargoyle
  9804 | D:9      | Noticed a molten gargoyle
  9807 | D:9      | Killed from afar by a molten gargoyle

Levels and vault maps discovered:
D:1:      dpeg_arrival_rooms_b, layout_loops_ring, tso_metal_star
D:2:      layout_loops_ring, lemuel_flame_loot_1
D:3:      layout_loops_corners, first_ration
D:4:      layout_loops_cross, fedhas_ov_isle_minmay,
          hellmonk_ghost_happy_afterlife, evilmike_ruin_ashenzari,
          uniq_crazy_yiuf_cottage
D:5:      layout_loops_cross, temple_pool_b, hellmonk_ghost_happy_afterlife,
          basic_altar, minmay_ogre_servants, uniq_ijyb
D:6:      layout_basic, eat_drink_and_be_merry_uskayaw, serial_shops, shop,
          uniq_menkaure
D:7:      layout_rooms, basic_altar
D:8:      cheibrodos_histonic, layout_loops_ring, xom_butterflies,
          hangedman_little_slice_of_home
D:9:      layout_loops_ring, gammafunk_temple_overflow_wave, kennysheep_mini,
          serial_shops, shop, minivault_8, uniq_harold
Temple:   nicolae_temple_elliptical

Skill      XL: |  1  2  3  4  5  6  7  8  9 10 |
---------------+-------------------------------+-----
Shields        | 3 4 5 6 7 |  7.1
Long Blades    | 2 3 4 5 6 8 |  8.5
Armour         | 3 4 5 6 |  6.6
Stealth        | 1 2 |  2.4
Dodging        | 1 2 |  2.9
Fighting       | 4 5 6 |  6.1
Invocations    | 1 |  1.6

Action                   |  1- 3 |  4- 6 |  7- 9 | 10-12 || total
-------------------------+-------+-------+-------+-------++-------
Melee: Long sword        |   161 |   252 |   623 |    58 ||  1094
Invok: Heroism           |       |       |     9 |     1 ||    10
  Use: Scroll            |     2 |     5 |     6 |       ||    13
       Potion            |       |       |     1 |     1 ||     2
 Stab: Sleeping          |       |    12 |     3 |       ||    15
       Distracted        |       |     2 |     1 |       ||     3
  Eat: Chunk             |       |    11 |    16 |     2 ||    29
       Ration            |       |     1 |     2 |       ||     3
Armor: Scale mail        |   108 |    98 |   105 |       ||   311
       Chain mail        |       |       |    92 |       ||    92
       Plate armour      |       |       |   147 |    21 ||   168
Dodge: Dodged            |    72 |    64 |   199 |     9 ||   344
Block: Shield            |   102 |   116 |   357 |    26 ||   601
       Rpst.: Long sword |    30 |    16 |    61 |     3 ||   110
